 Dungeon Crawl Stone Soup version 0.29-a0-409-gd843f3a48c (webtiles) character file.

Game seed: 1103837980644991575

2336 Snarg the Changer (level 9, -1/58 (61) HPs)
             Began as an Octopode Transmuter on May 13, 2022.
             Was a Priest of Vehumet.
             Slain by a wight
             ... wielding a +4 short sword
              (2 damage)
             ... on level 7 of the Dungeon on May 14, 2022.
             The game lasted 00:35:04 (7303 turns).

Snarg the Changer (Octopode Transmuter)             Turns: 7303, Time: 00:35:07

HP:   -1/58 (61)    AC:  1    Str: 17    XL:     9   Next: 42%
MP:   12/12         EV: 18    Int: 17    God:    Vehumet [***...]
Gold: 531           SH:  0    Dex: 13    Spells: 9/13 levels left

rFire   . . .      SeeInvis .     - Unarmed
rCold   . . .      Faith    .   (no shield)
rNeg    . . .      Spirit   .   (helmet currently unavailable)
rPois   +          Reflect  .   (no amulet)
rElec   .          Harm     .   g - +6 ring of strength
rCorr   +          Rampage  .   a - +4 ring of evasion
Will    .....                   p - ring of resist corrosion
Stlth   ++++......              (no ring)
HPRegen 0.19/turn               (no ring)
MPRegen 0.13/turn               (no ring)
                                (no ring)
                                (no ring)

@: appendages (expiring), wereblooded, lightly drained
A: tentacle spike 3, almost no armour, amphibious, 8 rings, camouflage 1,
gelatinous body 1, (nimble swimmer 1), tentacles, poison resistance, subdued
magic 1
a: End Transformation, Renounce Religion


You were on level 7 of the Dungeon.
You worshipped Vehumet.
Vehumet was most pleased with you.
One of your tentacles had grown a beastly spike.
You visited 2 branches of the dungeon, and saw 8 of its levels.
You also visited: Ossuary.

You collected 531 gold pieces.

Inventory:

Hand Weapons
 m - a +1 whip of freezing
 w - a +3 rapier of freezing
Missiles
 e - 2 poisoned darts
 l - 6 boomerangs (quivered)
 v - 15 stones
Magical Staves
 b - a staff of death
 x - a staff of poison
Jewellery
 a - a +4 ring of evasion (right tentacle)
 g - a +6 ring of strength (left tentacle)
 p - a ring of resist corrosion (on tentacle)
 E - a +6 ring of strength
Wands
 k - a wand of iceblast (14)
 o - a wand of polymorph (14)
Scrolls
 c - a scroll of noise
 i - 2 scrolls of fog
 q - a scroll of teleportation
 r - 2 scrolls of enchant armour
 s - 2 scrolls of identify
 y - a scroll of enchant weapon {unknown}
 A - a scroll of poison
 C - a scroll of brand weapon {unknown}
Potions
 d - 2 potions of attraction
 f - a potion of heal wounds
 h - 6 potions of brilliance
 j - 2 potions of flight
 n - a potion of cancellation
 t - 2 potions of might
 u - 4 potions of curing
 z - a potion of magic {unknown}
 B - a potion of mutation
 D - a potion of haste {unknown}


   Skills:
 - Level 5.0 Fighting
 - Level 2.0 Throwing
 + Level 4.3 Dodging
 + Level 6.8 Stealth
 - Level 6.1 Unarmed Combat
 - Level 2.5 Spellcasting
 + Level 1.8 Necromancy
 - Level 7.0 Transmutations
 - Level 0.2 Evocations


You had 9 spell levels left.
You knew the following spells:

 Your Spells              Type           Power      Damage    Failure   Level
a - Beastly Appendage     Tmut           38%        N/A       1%          1
b - Wereblood             Tmut           19%        N/A       1%          2
c - Pain                  Necr           24%        1d5       7%          1

Your spell library contained the following spells:

 Spells                   Type           Power      Damage    Failure   Level
 Conjure Flame            Conj/Fire      1%         6-21      13%         3
 Animate Skeleton         Necr           12%        N/A       7%          1
 Spider Form              Tmut/Pois      10%        N/A       11%         3
 Corpse Rot               Necr/Air       8%         N/A       16%         2
 Vampiric Draining        Necr           6%         2d6       22%         3
 Ice Form                 Ice/Tmut       10%        N/A       36%         4
 Animate Dead             Necr           3%         N/A       61%         4
 Dispel Undead            Necr           6%         3d8       61%         4
 Death Channel            Necr           3%         N/A       100%        6
 Haunt                    Necr/Summ      2%         N/A       100%        7
 Infestation              Necr           3%         N/A       100%        8


Dungeon Overview and Level Annotations

Branches:
Dungeon (7/15)             Temple (1/1) D:4         Ossuary (visited)

Altars:
Ashenzari
Cheibriados
Dithmenos
Elyvilon
Fedhas
Gozag
Hepliaklqana
Kikubaaqudgha
Makhleb
Nemelex Xobeh
Okawaru
Qazlal
Sif Muna
Trog
Uskayaw
Vehumet
Wu Jian
Xom
Yredelemnul
Zin
The Shining One

Shops:
D:5 [

Annotations:
D:2 Sigmund
D:3 clr
D:4 clr
D:6 clr


Innate Abilities, Weirdness & Mutations

One of your tentacles has grown a beastly spike.
You cannot wear most types of armour.
You are amphibious.
You can wear up to eight rings at the same time.
Your skin changes colour to match your surroundings (Stealth+).
Your rubbery body absorbs attacks. (AC +1, EV +1)
((You are camouflaged when in or above water. (Stealth+)))
You have tentacles for arms and can constrict up to eight enemies at once.
Your system is resistant to poisons. (rPois)
Your spells are a little easier to cast, but a little less powerful.


Message History

The wight is moderately damaged.
The wight hits you with a +0 mace! The wight barely misses you.
You bludgeon the wight! You grab the wight.
The wight is almost destroyed.
You howl as the wereblood boils in your veins!
You constrict the wight. The wight barely misses you.
The wight closely misses you.
You tentacle-slap the wight but do no damage.
You pierce the wight.
You feel a bit better.
You destroy the wight!
Vehumet accepts your kill.
The wight hits you from afar with a +4 halberd!
Your life force feels restored.
Things that are here:
a +0 mace; a +0 robe You are too injured to fight recklessly!
You bludgeon the wight! You grab the wight.
You pierce the wight.
The wight is severely damaged.
You constrict the wight. The wight hits you with a +4 halberd!
* * * LOW HITPOINT WARNING * * *
You feel drained.
* * * LOW HITPOINT WARNING * * *
You bludgeon the wight!
You feel a bit better.
You destroy the wight!
Vehumet accepts your kill. The wight barely misses you.
Training target 7.0 for Transmutations reached!
Your Transmutations skill increases to level 7!
You bludgeon the wight! Your grab misses the wight.
You pierce the wight, but do no damage.
You squeeze the wight, but do no damage.
The wight is heavily damaged.
The wight barely misses you.
You barely miss the wight. Your grab misses the wight.
You pierce the wight.
The wight is severely damaged.
Your transformation is almost over.
The wight hits you with a +4 short sword!
* * * LOW HITPOINT WARNING * * *
You feel drained.
You die...

.# #.#......####...
## #.#...#....<....
#...........(..:
..##....##.†.z.$...
........##..#
#......z.#
####.#####
##########z#
#........@)#
####.##########
#####....#
.........#
#####...## #####


You could see a wight.

Vanquished Creatures
  Pikel (D:5)
  A water moccasin (D:6)
  2 ice beasts
  2 ogres
  A centaur (D:6)
  3 lemures (D:5)
  3 phantoms
  An elf zombie (Ossuary)
  A bullfrog (D:7)
  A necrophage (D:4)
  A gnoll sergeant (D:5)
  2 wights (D:7)
  2 howler monkeys
  A human zombie (Ossuary)
  A jelly (D:3)
  2 orc priests
  6 hounds
  4 iguanas
  Jessica (D:1)
  2 orc wizards
  A hound zombie (Ossuary)
  4 mummies (Ossuary)
  2 gnolls (D:5)
  10 adders
  A shadow imp (D:6)
  A worm (D:2)
  A dart slug (D:1)
  7 orcs
  5 endoplasms
  2 giant cockroaches (D:1)
  3 gnoll zombies (Ossuary)
  9 goblins
  2 hobgoblins (D:2)
  4 jackals (D:1)
  6 kobolds
  A quokka (D:1)
  5 ball pythons
  2 bats
  3 frilled lizards
  2 goblin zombies (Ossuary)
  A hobgoblin zombie (Ossuary)
  A jackal zombie (Ossuary)
  An orc zombie (Ossuary)
  8 rats (D:1)
  A rat zombie (Ossuary)
121 creatures vanquished.

Notes
Turn   | Place    | Note
-------+----------+-------------------------------------------
     0 | D:1      | Snarg the Octopode Transmuter began the quest for the Orb.
     0 | D:1      | Reached XP level 1. HP: 13/13 MP: 3/3
   119 | D:1      | Reached XP level 2. HP: 13/18 MP: 3/5
   135 | D:1      | Learned a level 2 spell: Wereblood
   232 | D:1      | Found a faded altar of an unknown god.
   713 | D:1      | Reached XP level 3. HP: 11/23 MP: 4/6
   949 | D:1      | Prayed at the altar of an unknown god.
   949 | D:1      | Became a worshipper of Vehumet
   949 | D:1      | Reached * piety under Vehumet
   949 | D:1      | Offered knowledge of Freeze by Vehumet.
  1321 | D:2      | Reached skill level 1 in Stealth
  1705 | D:2      | Noticed Jessica
  1705 | D:2      | Noticed Sigmund
  1711 | D:2      | Reached XP level 4. HP: 7/28 MP: 7/7
  1714 | D:2      | Gained mutation: Your system is resistant to poisons.
                  | (rPois) [potion of mutation]
  1714 | D:2      | Gained mutation: Your spells are a little easier to cast,
                  | but a little less powerful. [potion of mutation]
  1734 | D:1      | HP: 1/28 [Jessica/+0 club (5)]
  1736 | D:1      | Killed Jessica
  2253 | D:3      | Reached XP level 5. HP: 33/33 MP: 6/8
  2534 | D:3      | Offered knowledge of Static Discharge by Vehumet.
  2839 | D:4      | Found a staircase to the Ecumenical Temple.
  2933 | D:4      | Reached skill level 3 in Transmutations
  3180 | D:4      | Reached ** piety under Vehumet
  3351 | D:4      | Reached skill level 1 in Throwing
  3351 | D:4      | Reached XP level 6. HP: 38/38 MP: 9/9
  3602 | Temple   | Entered the Ecumenical Temple
  4102 | D:5      | Entered Level 5 of the Dungeon
  4114 | D:5      | Noticed Pikel
  4137 | D:5      | Killed Pikel
  4138 | D:5      | Reached skill level 5 in Unarmed Combat
  4138 | D:5      | Reached skill level 4 in Transmutations
  4138 | D:5      | Reached XP level 7. HP: 46/46 MP: 10/10
  4166 | D:5      | Found Uggakhloo's Antique Armour Shoppe.
  4384 | D:5      | Reached skill level 5 in Stealth
  4432 | D:5      | Found a sand-covered staircase.
  4441 | Ossuary  | Entered an ossuary
  4457 | Ossuary  | Reached XP level 8. HP: 49/52 MP: 11/11
  4496 | Ossuary  | Offered knowledge of Conjure Flame by Vehumet.
  4779 | D:5      | Learned a level 1 spell: Pain
  4858 | D:5      | HP: 2/53 [gnoll/+0 flail[a gnoll sergeant] (6)]
  5201 | D:5      | Reached skill level 5 in Transmutations
  5775 | D:6      | Reached *** piety under Vehumet
  6251 | D:6      | Reached skill level 6 in Transmutations
  6251 | D:6      | Reached XP level 9. HP: 37/59 MP: 10/12
  6772 | D:6      | Identified the +1 robe of the Pleiades {Rampage +Inv rN++
                  | Str+4}
  6776 | D:6      | Reached skill level 1 in Necromancy
  7286 | D:7      | Reached skill level 5 in Fighting
  7302 | D:7      | Reached skill level 7 in Transmutations
  7303 | D:7      | HP: 1/60 [wight/+4 short sword (10)]
  7303 | D:7      | Slain by a wight

Illustrated notes

Levels and vault maps discovered:
D:1:      evilmike_arrival_plus, layout_loops_ring,
          shapermc_ecumenical_altar_notcrosses, minmay_rat_gold_closets
D:2:      layout_basic, uniq_terence, uniq_jessica, uniq_sigmund
D:3:      layout_loops_ring, dreamdust_princess_corridor
D:4:      layout_basic, minmay_temple_entry_junction
D:5:      layout_loops_ring, enter_ossuary_1, serial_shops,
          nicolae_shop_temple_entry_statues_fountains, minmay_mini_ossuary,
          uniq_pikel
D:6:      layout_cave_pools
D:7:      layout_loops_cross, minmay_crossroads, uniq_maggie
Temple:   mainiacjoe_temple_archimedes_tessellation

Skill      XL: |  1  2  3  4  5  6  7  8  9 |
---------------+----------------------------+-----
Stealth        | 2 3 4 5 6 |  6.8
Unarmed Combat | 4 5 6 |  6.1
Transmutations | 3 4 6 7 |  7.0
Throwing       | 1 2 |  2.0
Fighting       | 3 4 5 |  5.0
Dodging        | 3 4 |  4.3
Necromancy     | 1 |  1.8
Spellcasting   | |  2.5
Evocations     | |  0.2

Action                   |  1- 3 |  4- 6 |  7- 9 || total
-------------------------+-------+-------+-------++-------
Melee: Unarmed           |    65 |    36 |   132 ||   233
       Constrict         |    23 |     5 |    32 ||    60
       Tentacles         |    13 |     8 |    27 ||    48
       Punch             |     4 |       |     7 ||    11
       Kick              |     9 |     6 |    42 ||    57
Throw: Boomerang         |       |    19 |    39 ||    58
       Dart              |       |     1 |     4 ||     5
 Cast: Beastly Appendage |    16 |    10 |    19 ||    45
       Wereblood         |     1 |     4 |     7 ||    12
       Pain              |       |       |     5 ||     5
Evoke: Wand              |     3 |     1 |     2 ||     6
  Use: Potion            |       |     7 |     4 ||    11
       Scroll            |       |     9 |     6 ||    15
 Stab: Sleeping          |    12 |     2 |     4 ||    18
Armor: Skin              |     8 |    28 |     6 ||    42
Dodge: Dodged            |    30 |    21 |    99 ||   150

Table legend: (Time is in decaauts)
 A = Elapsed time spent in this place.
 B = Non-inter-level travel time spent in this place.
 C = Inter-level travel time spent in this place.
 D = Time resting spent in this place.
 E = Time spent auto-exploring this place.
 F = Levels seen in this place.
 G = Mean time per level.
                   A        B        C        D        E       F      G
               +--------+--------+--------+--------+--------+-----+--------+
         Total |   7303 |   6610 |    693 |   1504 |   3839 |   9 |  811.4 |
       Dungeon |   6777 |   6108 |    669 |   1504 |   3503 |   7 |  968.1 |
        Temple |    251 |    227 |     24 |      0 |    208 |   1 |  251.0 |
       Ossuary |    273 |    273 |      0 |      0 |    128 |   1 |  273.0 |
               +--------+--------+--------+--------+--------+-----+--------+

Top non-repeatable levels by time:
     D:1: 1538 daAuts
     D:6: 1508 daAuts
     D:5: 1259 daAuts
     D:4: 1042 daAuts
     D:3: 711 daAuts
     D:2: 641 daAuts
 Ossuary: 273 daAuts
  Temple: 251 daAuts
     D:7: 76 daAuts
